 Dungeon Crawl Stone Soup version 0.31-a0-889-g1a8549509d (webtiles) character file.

Game seed: 14803746308358392209

20 Newt the Shooter (level 3, -2/23 HPs)
             Began as a Kobold Hunter on Oct 16, 2023.
             Killed from afar by Natasha (7 damage)
             ... with a magic dart
             ... on level 2 of the Dungeon.
             The game lasted 00:00:59 (674 turns).

Newt the Shooter (Kobold Hunter)                     Turns: 674, Time: 00:00:59

Health: -2/23      AC:  3    Str:  8    XL:     3   Next: 0%
Magic:  3/3        EV: 15    Int: 10    God:
Gold:   63         SH:  0    Dex: 26    Spells: 2/2 levels left

rFire   . . .        a - +1 shortbow
rCold   + + +        (shield currently unavailable)
rNeg    . . .        c - +0 leather armour
rPois   .            (no helmet)
rElec   .            (no cloak)
rCorr   .            (no gloves)
SInv    .            (no boots)
Will    ++...        (no amulet)
Stlth   +++          g - ring "Ping" {Contam rC+++ Will++ Dex+6}
HPRegen 0.23/turn    (no ring)
MPRegen 0.08/turn

%: no passive effects
@: no status effects
A: small, no large weapons, nightstalker 3
a: no special abilities


You were on level 2 of the Dungeon.
You visited 1 branch of the dungeon, and saw 2 of its levels.

You collected 63 gold pieces.

Inventory:

Hand Weapons
 a - a +1 shortbow (weapon)
Armour
 c - a +0 leather armour (worn)
Jewellery
 g - the ring "Ping" (left hand) {Contam rC+++ Will++ Dex+6}
   (You found it on level 2 of the Dungeon)

   [ring of dexterity]

   Dex+6:     It affects your dexterity (+6).
   rC+++:     It renders you almost immune to cold.
   Will++:    It greatly increases your willpower.
   Contam:    It causes magical contamination when unequipped.
Talismans
 f - a beast talisman
Scrolls
 b - a scroll of butterflies
 d - 2 scrolls of fear {unknown}
Potions
 h - a potion of magic {unknown}


   Skills:
 + Level 3.6 Fighting
 - Level 5.3 Ranged Weapons
 - Level 2.4 Dodging
 - Level 1.3 Stealth


You had 2 spell levels left.
You didn't know any spells.
Your spell library was empty.

Dungeon Overview and Level Annotations

Branches:
Dungeon (2/15)

Altars:

Annotations:
D:2 Natasha


Innate Abilities, Weirdness & Mutations

You are small and have problems with some larger weapons.
You are completely attuned to the shadows.


Message History

Natasha growls.
Natasha mumbles some strange words.
You hear an angry hiss.
You shoot an arrow. The arrow closely misses the kobold.
The kobold hits you but does no damage.
You shoot an arrow. The arrow hits the kobold.
The kobold is heavily wounded.
The kobold misses you.
You shoot an arrow. The arrow closely misses the kobold.
The arrow barely misses Natasha.
The kobold misses you. The kobold barely misses you.
Unknown command.
You shoot an arrow. The arrow misses the kobold.
The arrow barely misses Natasha.
The kobold hits you with a +0 short sword.
You shoot an arrow. The arrow hits the kobold.
You kill the kobold!
The cerulean imp hits you from afar with a +1 spear. x2
You have reached level 3!
Your experience leads to an increase in your attributes!
Your base attributes are Str 8, Int 10, Dex 18.
Increase (S)trength, (I)ntelligence, or (D)exterity?
You feel agile. x2
You shoot an arrow. The arrow closely misses Natasha.
Natasha closely misses you. The cerulean imp completely misses you.
Natasha barely misses you.
You shoot an arrow. The arrow hits Natasha.
Natasha is heavily wounded.
The cerulean imp misses you. Natasha claws you.
You shoot an arrow. The arrow barely misses Natasha.
The cerulean imp hits you but does no damage.
Natasha casts a spell at you. The magic dart hits you.
* * * LOW HITPOINT WARNING * * *
You shoot an arrow. The arrow closely misses Natasha.
The cerulean imp barely misses you. Natasha casts a spell at you.
The magic dart hits you!
You die...
Natasha begins licking her fur clean.

##....##.......
#...........###
..###.......#
#.#..####.....##
#.#.....#..##..#
.(..##.#)####.#
#..##....# #.#
#.####.....#..# #.#
....@h.........##.#
##.###5######..##.#
# #....# ##..#.###
#..#... #......#
#..:S.#... #..#....
###....... .#....#.
####... ####... ...
##.. ###


You could see Natasha and a cerulean imp (summoned).

Vanquished Creatures
  2 endoplasms (D:1)
  2 goblins (D:1)
  2 hobgoblins (D:1)
  3 kobolds
  A quokka (D:1)
  3 bats
  3 frilled lizards (D:1)
  2 rats
18 creatures vanquished.

Notes
Turn   | Place    | Note
-------+----------+-------------------------------------------
     0 | D:1      | Newt the Kobold Hunter began the quest for the Orb.
     0 | D:1      | Reached XP level 1. HP: 12/12 MP: 1/1
   173 | D:1      | Reached XP level 2. HP: 17/18 MP: 2/2
   621 | D:2      | Found a faded altar of an unknown god.
   651 | D:2      | Identified the ring "Ping" {Contam rC+++ Will++ Dex+6}
   657 | D:2      | Noticed Natasha
   658 | D:2      | Identified the +1 robe of Ykeroz {Contam Regen+ Int+2}
   671 | D:2      | Reached XP level 3. HP: 10/23 MP: 3/3
   674 | D:2      | Killed from afar by Natasha

Illustrated notes

Levels and vault maps discovered:
D:1:      sevenhm_arrival_forest_fort_small_6, layout_basic
D:2:      layout_rooms, ebering_ecumenical_altar_rust, uniq_robin, uniq_natasha

Skill      XL: |  1  2 |
---------------+-------+-----
Fighting       | 3 |  3.6
Ranged Weapons | |  5.3
Dodging        | |  2.4
Stealth        | |  1.3

Action                     || total
---------------------------++-------
   Fire: Shortbow          ||    50
    Use: Scroll            ||     3
         Potion            ||     1
 Armour: Leather armour    ||    17
  Dodge: Dodged            ||    15

Table legend: (Time is in decaauts)
 A = Elapsed time spent in this place.
 B = Non-inter-level travel time spent in this place.
 C = Inter-level travel time spent in this place.
 D = Time resting spent in this place.
 E = Time spent auto-exploring this place.
 F = Levels seen in this place.
 G = Mean time per level.
                   A        B        C        D        E       F      G
               +--------+--------+--------+--------+--------+-----+--------+
         Total |    683 |    681 |      2 |    100 |    471 |   2 |  341.5 |
       Dungeon |    683 |    681 |      2 |    100 |    471 |   2 |  341.5 |
               +--------+--------+--------+--------+--------+-----+--------+

Top non-repeatable levels by time:
     D:1: 491 daAuts
     D:2: 191 daAuts
